AoeStats
← [Argus] Grigor Grinta

Arena

505491934Analyzed
1v1 RM · 23d ago on Sep 9, 2026· 37m 17s· 2 players
Game mode
Random Map
Map size
Tiny (2 player)
Population
200
Speed
Normal
Resources
Standard
Victory
Conquest
Starting age
Dark Age
Ending age
Imperial Age
RankedLock teamsTeams togetherTeam positionsShared explorationLock speedFull tech treeHidden civsTurbo modeCheats
Victory
Defeat
1330
+14
🇨🇴 Ethiopians · Colombia
1289
-14
[KT] The Best
10:46 Feudal Age
11:16 Double-Bit Axe
14:43 Castle Age
15:38 Bow Saw
15:48 Horse Collar
18:50 Heavy Plow
19:39 Wheelbarrow
19:56 Stone Mining
22:27 Stone Shaft Mining
22:25 Gold Mining
24:58 Gold Shaft Mining
24:46 Town Watch
25:28 Fletching
25:28 Loom
25:59 Hand Cart
30:49 Imperial Age
28:48 Ballistics
28:30 Padded Archer Armor
29:00 Masonry
29:24 Bodkin Arrow
30:05 Scale Mail Armor
30:21 Leather Archer Armor
30:41 Crossbowman
31:26 Thumb Ring
31:34 Bracer
31:58 Conscription
32:57 Chemistry
32:05 Siege Engineers
33:29 Two-Man Saw
33:02 Chain Mail Armor
32:11 Halberdier
32:25 Arbalester
33:44 Squires
33:29 Arson
34:25 Ring Archer Armor
34:26 Plate Mail Armor
34:18 Town Patrol
34:51 Architecture
35:48 Forging
35:44 Scale Barding Armor
[Argus] Grigor Grinta
10:25 Feudal Age
14:46 Castle Age
13:20 Double-Bit Axe
13:39 Horse Collar
16:23 Bow Saw
18:30 Fervor
20:41 Wheelbarrow
27:27 Imperial Age
24:44 Loom
25:30 Squires
25:25 Stone Mining
26:09 Heavy Plow
26:40 Masonry
26:40 Scale Mail Armor
26:55 Forging
28:03 Fortified Wall
28:36 Conscription
28:18 Gold Mining
29:32 Chemistry
29:29 Chain Mail Armor
29:07 Fletching
30:21 Bodkin Arrow
30:31 Padded Archer Armor
30:46 Grand Trunk Road
31:11 Hand Cart
32:17 Leather Archer Armor
32:20 Shatagni
33:35 Ballistics
32:52 Elite Ghulam
35:33 Ring Archer Armor
35:14 Bracer
35:57 Iron Casting
38:26 Hoardings
Connection lost

Rejoining the realm…

Still unreachable

The connection could not be restored.

Session expired

The server has moved on; the page needs a fresh start.